[ AOE2 MATCH · #484998563 ]
Team RMFranks vs Persians
[ REPLAY ANALYSIS · EXTRACTED FROM THE RECORDED GAME ]
Feudal
9:23
Castle
24:50
Imperial
—
| APM avg | 28.5 |
| APM peak | 91 |
| eAPM avg | 12.2 |
| Villagers / military | 64 / 72 |
Focus
⚔️ 26.1% · 🌾 73.9%
Archer ×33 · Knight ×24 · Spearman ×15
Feudal
12:20
Castle
21:15
Imperial
31:45
| APM avg | 13.4 |
| APM peak | 26 |
| eAPM avg | 8.7 |
| Villagers / military | 82 / 109 |
Focus
⚔️ 23.6% · 🌾 76.4%
Scorpion ×67 · Spearman ×36 · Trebuchet (Packed) ×6
Feudal
9:38
Castle
21:48
Imperial
39:15
| APM avg | 37.3 |
| APM peak | 71 |
| eAPM avg | 12.6 |
| Villagers / military | 106 / 92 |
Focus
⚔️ 32.9% · 🌾 67.1%
Cavalry Archer ×49 · Magyar Huszar ×32 · Scout Cavalry ×6 · Mangonel ×3 · Archer ×1 · Spearman ×1
Feudal
8:52
Castle
19:40
Imperial
34:16
| APM avg | 48.2 |
| APM peak | 117 |
| eAPM avg | 20.5 |
| Villagers / military | 133 / 183 |
Focus
⚔️ 31.2% · 🌾 68.8%
Knight ×124 · Scout Cavalry ×38 · Camel Scout ×15 · Trebuchet (Packed) ×6
Match map
Initial resources + every placement click. Lines = walls · curves = elevation contours. ◆ gold · ⬟ stone · ● berries · ✦ relic · ◌ wall gap
Your base· Open — 7t gap
JohnWick's base· Open — unwalled flank
red-light district's base· Open — unwalled flank
nice001's base· Open — 2t gap
Smoothed initial terrain · ◌ = detected wall gap · hover for details
Inputs per minute
— ZeroEndDark - - JohnWick
Build order — ZeroEndDark
First 150 of 230 actions detected
| 0:03 | Build | House |
| 0:06 | Build | House |
| 0:08 | Build | House |
| 0:09 | Create | Villager (Male) |
| 0:09 | Create | Villager (Male) |
| 0:09 | Create | Villager (Male) |
| 0:09 | Create | Villager (Male) |
| 0:10 | Create | Villager (Male) |
| 1:32 | Create | Villager (Male) |
| 1:33 | Create | Villager (Male) |
| 2:05 | Build | Mill |
| 2:08 | Create | Villager (Male) |
| 2:29 | Create | Villager (Male) |
| 2:29 | Create | Villager (Male) |
| 2:55 | Create | Villager (Male) |
| 2:55 | Create | Villager (Male) |
| 2:55 | Create | Villager (Male) |
| 3:13 | Create | Villager (Male) |
| 3:39 | Create | Villager (Male) |
| 3:47 | Create | Villager (Male) |
| 3:48 | Create | Villager (Male) |
| 4:12 | Create | Villager (Male) |
| 4:12 | Create | Villager (Male) |
| 4:29 | Create | Villager (Male) |
| 4:30 | Create | Villager (Male) |
| 4:30 | Create | Villager (Male) |
| 5:25 | Create | Villager (Male) |
| 5:31 | Create | Villager (Male) |
| 6:16 | Build | Lumber Camp |
| 7:13 | Research | Feudal Age |
| 8:07 | Build | House |
| 8:28 | Build | House |
| 8:47 | Build | Barracks |
| 9:00 | Create | Villager (Male) |
| 9:00 | Create | Villager (Male) |
| 9:01 | Create | Villager (Male) |
| 9:01 | Create | Villager (Male) |
| 9:06 | Create | Villager (Male) |
| 9:06 | Create | Villager (Male) |
| 9:23 | Age | Feudal Age |
| 10:08 | Build | Mining Camp |
| 10:16 | Build | Archery Range |
| 10:17 | Research | Double-Bit Axe |
| 11:02 | Create | Villager (Male) |
| 11:02 | Create | Villager (Male) |
| 11:10 | Create | Archer |
| 11:11 | Create | Archer |
| 11:30 | Build | Archery Range |
| 11:39 | Build | Palisade Wall |
| 12:24 | Create | Spearman |
| 12:24 | Create | Spearman |
| 12:40 | Research | Loom |
| 12:44 | Create | Spearman |
| 12:45 | Create | Spearman |
| 12:59 | Build | House |
| 13:07 | Create | Spearman |
| 13:45 | Build | House |
| 13:53 | Build | Farm |
| 13:54 | Create | Villager (Male) |
| 13:54 | Create | Villager (Male) |
| 13:54 | Create | Villager (Male) |
| 14:03 | Create | Archer |
| 14:03 | Create | Archer |
| 14:06 | Create | Archer |
| 14:06 | Create | Archer |
| 14:24 | Build | House |
| 14:28 | Build | Farm |
| 14:31 | Build | Farm |
| 14:36 | Create | Archer |
| 14:39 | Create | Archer |
| 14:46 | Build | Farm |
| 14:59 | Build | Farm |
| 15:01 | Build | Farm |
| 15:03 | Build | Farm |
| 15:11 | Build | Farm |
| 15:28 | Create | Spearman |
| 15:28 | Create | Spearman |
| 15:42 | Build | Blacksmith |
| 16:06 | Create | Archer |
| 16:06 | Create | Archer |
| 16:08 | Create | Archer |
| 16:08 | Create | Archer |
| 16:26 | Create | Villager (Male) |
| 16:27 | Create | Villager (Male) |
| 16:35 | Build | House |
| 16:38 | Build | House |
| 17:07 | Create | Archer |
| 17:24 | Research | Scale Mail Armor |
| 17:39 | Build | Farm |
| 17:46 | Create | Villager (Male) |
| 17:54 | Build | Farm |
| 17:55 | Build | Farm |
| 17:57 | Build | Farm |
| 18:01 | Build | Farm |
| 18:02 | Build | Farm |
| 18:03 | Build | Farm |
| 18:10 | Build | House |
| 18:11 | Build | House |
| 18:13 | Build | House |
| 18:46 | Build | Farm |
| 18:50 | Build | Farm |
| 18:51 | Create | Villager (Male) |
| 18:52 | Create | Villager (Male) |
| 18:52 | Create | Villager (Male) |
| 19:43 | Build | Lumber Camp |
| 20:05 | Create | Spearman |
| 20:05 | Create | Spearman |
| 20:23 | Create | Villager (Male) |
| 20:24 | Create | Villager (Male) |
| 21:04 | Build | Gate |
| 21:17 | Build | House |
| 21:49 | Build | House |
| 22:10 | Research | Castle Age |
| 22:37 | Create | Archer |
| 22:37 | Create | Archer |
| 22:39 | Create | Archer |
| 22:39 | Create | Archer |
| 22:40 | Create | Archer |
| 22:42 | Create | Archer |
| 23:13 | Build | Lumber Camp |
| 24:40 | Create | Spearman |
| 24:40 | Create | Spearman |
| 24:46 | Research | Forging |
| 24:50 | Age | Castle Age |
| 25:05 | Research | Crossbowman (upgrade) |
| 25:15 | Research | Fletching |
| 25:39 | Research | Iron Casting |
| 26:06 | Research | Pikeman (upgrade) |
| 26:50 | Research | Chain Mail Armor |
| 27:34 | Research | Bow Saw |
| 27:38 | Research | Town Watch |
| 27:51 | Create | Spearman |
| 27:51 | Create | Spearman |
| 27:54 | Create | Archer |
| 27:54 | Create | Archer |
| 27:55 | Create | Archer |
| 27:57 | Create | Archer |
| 27:57 | Create | Archer |
| 27:57 | Create | Archer |
| 28:16 | Build | Farm |
| 28:18 | Build | Farm |
| 28:39 | Build | Town Center |
| 29:11 | Build | Farm |
| 29:28 | Create | Archer |
| 29:28 | Create | Archer |
| 29:32 | Create | Archer |
| 29:32 | Create | Archer |
| 29:41 | Research | Padded Archer Armor |
| 29:53 | Build | Stable |
| 30:00 | Build | House |
Build order — JohnWick
First 150 of 202 actions detected
| 0:04 | Build | House |
| 0:06 | Build | House |
| 0:07 | Create | Villager (Male) |
| 0:08 | Create | Villager (Male) |
| 0:08 | Create | Villager (Male) |
| 0:08 | Create | Villager (Male) |
| 0:09 | Create | Villager (Male) |
| 0:31 | Build | House |
| 0:34 | Build | House |
| 0:51 | Research | Loom |
| 1:37 | Create | Villager (Male) |
| 2:12 | Create | Villager (Male) |
| 2:33 | Create | Villager (Male) |
| 3:05 | Create | Villager (Male) |
| 3:22 | Create | Villager (Male) |
| 3:50 | Create | Villager (Male) |
| 3:51 | Create | Villager (Male) |
| 4:19 | Create | Villager (Male) |
| 5:03 | Create | Villager (Male) |
| 5:03 | Create | Villager (Male) |
| 5:03 | Create | Villager (Male) |
| 5:13 | Build | Mill |
| 5:26 | Create | Villager (Male) |
| 5:26 | Create | Villager (Male) |
| 6:02 | Build | Lumber Camp |
| 6:21 | Create | Villager (Male) |
| 6:22 | Create | Villager (Male) |
| 6:22 | Create | Villager (Male) |
| 6:56 | Create | Villager (Male) |
| 6:56 | Create | Villager (Male) |
| 7:03 | Create | Villager (Male) |
| 7:25 | Build | House |
| 7:30 | Create | Villager (Male) |
| 7:30 | Create | Villager (Male) |
| 7:38 | Create | Villager (Male) |
| 7:38 | Create | Villager (Male) |
| 8:18 | Create | Villager (Male) |
| 8:18 | Create | Villager (Male) |
| 8:44 | Create | Villager (Male) |
| 8:45 | Create | Villager (Male) |
| 8:57 | Build | Farm |
| 8:57 | Build | Farm |
| 8:58 | Build | Farm |
| 8:58 | Build | Farm |
| 9:04 | Create | Villager (Male) |
| 9:37 | Create | Villager (Male) |
| 9:41 | Build | Farm |
| 9:41 | Build | Farm |
| 9:49 | Create | Villager (Male) |
| 10:06 | Create | Villager (Male) |
| 10:10 | Research | Feudal Age |
| 10:26 | Build | Lumber Camp |
| 11:04 | Build | Farm |
| 11:04 | Build | Farm |
| 12:13 | Build | Farm |
| 12:13 | Build | Farm |
| 12:14 | Build | Farm |
| 12:14 | Build | Farm |
| 12:20 | Age | Feudal Age |
| 13:07 | Research | Wheelbarrow |
| 13:09 | Research | Horse Collar |
| 13:12 | Research | Double-Bit Axe |
| 13:15 | Build | Barracks |
| 13:32 | Create | Villager (Male) |
| 13:33 | Create | Villager (Male) |
| 13:36 | Create | Villager (Male) |
| 13:41 | Build | House |
| 13:43 | Build | House |
| 13:45 | Build | House |
| 13:59 | Create | Villager (Male) |
| 14:08 | Create | Spearman |
| 14:30 | Build | Farm |
| 14:35 | Build | Farm |
| 14:44 | Create | Villager (Male) |
| 14:45 | Create | Villager (Male) |
| 15:05 | Build | Blacksmith |
| 15:19 | Build | Market |
| 15:23 | Create | Villager (Male) |
| 15:29 | Build | Farm |
| 15:29 | Build | Farm |
| 15:30 | Build | Farm |
| 15:32 | Build | Farm |
| 16:07 | Create | Spearman |
| 16:07 | Create | Spearman |
| 16:07 | Create | Spearman |
| 16:08 | Create | Spearman |
| 16:28 | Build | Mining Camp |
| 16:34 | Create | Villager (Male) |
| 16:35 | Create | Villager (Male) |
| 17:03 | Create | Villager (Male) |
| 17:03 | Create | Villager (Male) |
| 17:23 | Create | Spearman |
| 17:23 | Create | Spearman |
| 18:30 | Research | Castle Age |
| 18:35 | Research | Castle Age |
| 18:56 | Build | Farm |
| 19:00 | Research | Stone Mining |
| 19:01 | Research | Gold Mining |
| 19:17 | Create | Villager (Male) |
| 20:46 | Build | Farm |
| 20:49 | Create | Villager (Male) |
| 21:15 | Age | Castle Age |
| 21:16 | Research | Heavy Plow |
| 21:18 | Research | Hand Cart |
| 21:21 | Research | Bow Saw |
| 21:25 | Research | Gold Shaft Mining |
| 21:35 | Build | Town Center |
| 22:04 | Create | Villager (Male) |
| 22:05 | Create | Villager (Male) |
| 22:06 | Create | Villager (Male) |
| 22:20 | Create | Villager (Male) |
| 22:26 | Create | Villager (Male) ×4 |
| 22:36 | Create | Villager (Male) |
| 22:51 | Build | Farm |
| 22:52 | Build | Farm |
| 22:55 | Create | Villager (Male) |
| 23:27 | Build | Castle |
| 23:32 | Build | Town Center |
| 23:55 | Create | Villager (Male) |
| 23:56 | Create | Villager (Male) |
| 24:24 | Create | Spearman ×5 |
| 25:09 | Create | Villager (Male) |
| 25:09 | Create | Villager (Male) |
| 25:10 | Create | Villager (Male) |
| 25:12 | Create | Villager (Male) |
| 25:12 | Create | Villager (Male) |
| 25:12 | Create | Villager (Male) |
| 25:31 | Create | Spearman ×5 |
| 25:40 | Create | Villager (Male) |
| 25:40 | Create | Villager (Male) |
| 25:57 | Build | Mining Camp |
| 26:15 | Create | Villager (Male) |
| 26:15 | Create | Villager (Male) |
| 26:27 | Create | Villager (Male) |
| 28:28 | Build | Siege Workshop |
| 28:35 | Research | Imperial Age |
| 28:39 | Research | Town Watch |
| 28:44 | Create | Villager (Male) ×3 |
| 29:34 | Create | Scorpion ×5 |
| 29:51 | Build | Siege Workshop |
| 30:02 | Build | House |
| 30:03 | Build | House |
| 30:03 | Build | House |
| 30:03 | Build | House |
| 30:04 | Build | House |
| 30:04 | Build | House |
| 30:04 | Build | House |
| 30:05 | Build | House |
| 30:05 | Build | House |
| 30:05 | Build | House |
Build order — red-light district
First 150 of 309 actions detected
| 0:02 | Build | House |
| 0:04 | Build | House |
| 0:15 | Create | Villager (Male) |
| 0:15 | Create | Villager (Male) |
| 0:16 | Create | Villager (Male) |
| 0:16 | Create | Villager (Male) |
| 0:16 | Create | Villager (Male) |
| 1:51 | Create | Villager (Male) |
| 2:05 | Create | Villager (Male) |
| 2:05 | Create | Villager (Male) |
| 2:31 | Create | Villager (Male) |
| 3:23 | Create | Villager (Male) |
| 3:23 | Create | Villager (Male) |
| 3:53 | Build | Lumber Camp |
| 4:04 | Create | Villager (Male) |
| 4:04 | Create | Villager (Male) |
| 4:04 | Create | Villager (Male) |
| 4:05 | Create | Villager (Male) |
| 4:23 | Build | House |
| 5:01 | Build | Mill |
| 5:25 | Create | Villager (Male) |
| 5:25 | Create | Villager (Male) |
| 6:06 | Create | Villager (Male) |
| 6:12 | Create | Villager (Male) |
| 6:13 | Create | Villager (Male) |
| 6:17 | Create | Villager (Male) |
| 6:30 | Create | Villager (Male) |
| 7:14 | Create | Villager (Male) |
| 7:14 | Create | Villager (Male) |
| 7:28 | Research | Feudal Age |
| 8:37 | Build | Barracks |
| 8:47 | Create | Villager (Male) |
| 9:22 | Create | Villager (Male) |
| 9:38 | Age | Feudal Age |
| 9:44 | Build | Stable |
| 9:50 | Build | House |
| 9:58 | Research | Loom |
| 10:05 | Build | House |
| 10:20 | Build | Farm |
| 10:22 | Build | Farm |
| 10:25 | Build | Farm |
| 10:39 | Create | Scout Cavalry |
| 10:55 | Create | Villager (Male) |
| 10:56 | Create | Villager (Male) |
| 10:56 | Create | Villager (Male) |
| 11:03 | Build | Mining Camp |
| 11:12 | Build | House |
| 11:14 | Create | Scout Cavalry |
| 11:29 | Create | Villager (Male) |
| 12:11 | Create | Spearman |
| 12:13 | Create | Scout Cavalry |
| 12:53 | Create | Villager (Male) |
| 12:53 | Create | Villager (Male) |
| 13:04 | Create | Scout Cavalry |
| 13:08 | Create | Villager (Male) |
| 13:09 | Create | Villager (Male) |
| 13:18 | Build | Blacksmith |
| 13:44 | Create | Villager (Male) |
| 14:03 | Build | Farm |
| 14:04 | Build | Farm |
| 14:04 | Build | Farm |
| 14:04 | Build | Farm |
| 14:04 | Build | Farm |
| 14:05 | Create | Villager (Male) |
| 14:05 | Create | Villager (Male) |
| 15:10 | Build | House |
| 15:32 | Create | Villager (Male) |
| 15:33 | Create | Villager (Male) |
| 15:35 | Build | Farm |
| 15:51 | Create | Villager (Male) |
| 15:51 | Create | Villager (Male) |
| 16:02 | Build | House |
| 16:20 | Create | Villager (Male) |
| 16:29 | Build | Farm |
| 17:31 | Create | Villager (Male) |
| 17:31 | Create | Villager (Male) |
| 17:34 | Build | Farm |
| 17:48 | Build | Market |
| 18:38 | Build | Farm |
| 18:41 | Build | Farm |
| 18:47 | Build | Farm |
| 18:51 | Build | Farm |
| 18:56 | Build | Mining Camp |
| 18:59 | Build | House |
| 19:00 | Build | House |
| 19:01 | Build | House |
| 19:05 | Build | Farm |
| 19:08 | Research | Castle Age |
| 19:45 | Create | Villager (Male) |
| 19:46 | Create | Villager (Male) |
| 19:46 | Create | Villager (Male) |
| 19:51 | Research | Double-Bit Axe |
| 19:52 | Research | Double-Bit Axe |
| 20:17 | Build | Archery Range |
| 20:41 | Build | Archery Range |
| 20:47 | Build | Lumber Camp |
| 20:56 | Create | Villager (Male) |
| 20:57 | Create | Villager (Male) |
| 21:06 | Build | House |
| 21:13 | Build | House |
| 21:48 | Age | Castle Age |
| 21:52 | Build | Town Center |
| 22:04 | Create | Cavalry Archer |
| 22:05 | Create | Cavalry Archer |
| 22:07 | Create | Cavalry Archer |
| 22:07 | Create | Cavalry Archer |
| 22:21 | Research | Husbandry |
| 22:26 | Create | Scout Cavalry |
| 22:26 | Create | Scout Cavalry |
| 22:30 | Research | Light Cavalry (upgrade) |
| 22:31 | Research | Bloodlines |
| 22:38 | Research | Bloodlines |
| 22:49 | Create | Villager (Male) |
| 22:49 | Create | Villager (Male) |
| 22:49 | Create | Villager (Male) |
| 22:50 | Create | Villager (Male) |
| 22:51 | Create | Villager (Male) |
| 22:53 | Create | Villager (Male) |
| 23:12 | Create | Villager (Male) |
| 23:12 | Create | Villager (Male) |
| 23:15 | Create | Villager (Male) |
| 23:15 | Create | Villager (Male) |
| 23:16 | Create | Villager (Male) |
| 23:22 | Create | Archer |
| 23:27 | Create | Cavalry Archer |
| 23:44 | Create | Villager (Male) |
| 24:09 | Create | Cavalry Archer |
| 24:46 | Create | Cavalry Archer |
| 25:11 | Create | Cavalry Archer |
| 25:15 | Build | Castle |
| 25:52 | Research | Thumb Ring |
| 25:58 | Research | Fletching |
| 25:59 | Research | Padded Archer Armor |
| 26:01 | Create | Villager (Male) |
| 26:01 | Create | Villager (Male) |
| 26:01 | Create | Villager (Male) |
| 26:02 | Create | Villager (Male) |
| 27:37 | Build | Farm |
| 27:38 | Build | Farm |
| 27:38 | Build | Farm |
| 27:38 | Build | Farm |
| 27:41 | Create | Villager (Male) ×5 |
| 27:52 | Build | Town Center |
| 28:04 | Research | Corvinian Army |
| 28:25 | Create | Cavalry Archer |
| 28:26 | Create | Cavalry Archer |
| 28:31 | Research | Bow Saw |
| 28:31 | Research | Bow Saw |
| 28:41 | Create | Villager (Male) |
| 28:41 | Create | Villager (Male) |
Build order — nice001
First 150 of 450 actions detected
| 0:01 | Create | Villager (Male) |
| 0:02 | Create | Villager (Male) |
| 0:02 | Create | Villager (Male) |
| 0:02 | Create | Villager (Male) |
| 0:02 | Create | Villager (Male) |
| 0:03 | Create | Villager (Male) |
| 0:04 | Build | House |
| 0:06 | Build | House |
| 1:29 | Create | Villager (Male) |
| 1:29 | Create | Villager (Male) |
| 1:51 | Build | Lumber Camp |
| 1:59 | Create | Villager (Male) |
| 2:05 | Create | Villager (Male) |
| 2:27 | Create | Villager (Male) |
| 3:27 | Create | Villager (Male) |
| 3:27 | Create | Villager (Male) |
| 3:27 | Create | Villager (Male) |
| 3:58 | Create | Villager (Male) |
| 4:03 | Build | House |
| 4:49 | Create | Villager (Male) |
| 4:50 | Create | Villager (Male) |
| 4:51 | Create | Villager (Male) |
| 4:55 | Create | Villager (Male) |
| 5:21 | Build | Mill |
| 5:30 | Build | Mill |
| 5:34 | Create | Villager (Male) |
| 6:00 | Research | Loom |
| 6:37 | Research | Feudal Age |
| 6:37 | Research | Feudal Age |
| 7:16 | Build | Barracks |
| 7:26 | Build | House |
| 7:40 | Create | Villager (Male) |
| 7:48 | Create | Villager (Male) |
| 8:06 | Build | House |
| 8:11 | Build | House |
| 8:16 | Build | House |
| 8:26 | Build | Palisade Wall |
| 8:29 | Create | Villager (Male) |
| 8:40 | Build | House |
| 8:52 | Age | Feudal Age |
| 8:57 | Build | Stable |
| 9:09 | Build | House |
| 9:11 | Research | Double-Bit Axe |
| 9:17 | Build | House |
| 9:19 | Build | Palisade Wall |
| 9:22 | Build | Mining Camp |
| 9:22 | Create | Villager (Male) |
| 9:43 | Create | Villager (Male) |
| 10:00 | Build | House |
| 10:24 | Build | Palisade Wall |
| 10:25 | Create | Villager (Male) |
| 10:31 | Build | Farm |
| 10:32 | Build | Farm |
| 10:47 | Create | Villager (Male) |
| 10:53 | Build | Farm |
| 10:56 | Create | Villager (Male) |
| 10:58 | Build | Farm |
| 11:08 | Build | Palisade Wall |
| 11:16 | Create | Villager (Male) |
| 11:41 | Build | Farm |
| 11:44 | Build | Farm |
| 11:47 | Create | Villager (Male) |
| 11:54 | Build | Palisade Gate |
| 11:59 | Create | Villager (Male) |
| 12:01 | Build | Farm |
| 12:17 | Build | Farm |
| 12:24 | Create | Scout Cavalry |
| 12:30 | Build | House |
| 12:36 | Build | Farm |
| 12:41 | Create | Villager (Male) |
| 12:55 | Create | Villager (Male) |
| 13:02 | Build | Farm |
| 13:05 | Create | Villager (Male) |
| 13:07 | Research | Horse Collar |
| 13:07 | Research | Horse Collar |
| 13:17 | Create | Scout Cavalry |
| 13:22 | Build | Farm |
| 13:41 | Build | Farm |
| 13:42 | Create | Villager (Male) |
| 13:56 | Create | Villager (Male) |
| 14:00 | Build | Farm |
| 14:09 | Create | Villager (Male) |
| 14:18 | Create | Villager (Male) |
| 14:22 | Build | Farm |
| 14:24 | Create | Villager (Male) |
| 14:27 | Build | Farm |
| 14:28 | Create | Villager (Male) |
| 15:02 | Create | Villager (Male) |
| 15:08 | Build | Blacksmith |
| 15:16 | Build | Lumber Camp |
| 15:24 | Create | Villager (Male) |
| 16:07 | Create | Villager (Male) |
| 16:11 | Build | Farm |
| 17:07 | Research | Castle Age |
| 17:08 | Research | Castle Age |
| 17:24 | Create | Villager (Male) |
| 17:30 | Research | Gold Mining |
| 17:36 | Build | Stable |
| 17:52 | Research | Forging |
| 17:52 | Create | Villager (Male) |
| 18:09 | Build | Lumber Camp |
| 18:16 | Build | House |
| 18:17 | Build | House |
| 18:29 | Research | Stone Mining |
| 18:34 | Research | Scale Barding Armor |
| 19:17 | Create | Villager (Male) |
| 19:23 | Create | Villager (Male) |
| 19:26 | Build | Stable |
| 19:30 | Create | Villager (Male) |
| 19:40 | Research | Bloodlines |
| 19:40 | Age | Castle Age |
| 19:43 | Build | Town Center |
| 19:50 | Create | Knight |
| 19:50 | Create | Knight |
| 19:50 | Create | Knight |
| 19:51 | Create | Knight |
| 20:02 | Research | Gold Shaft Mining |
| 20:11 | Create | Villager (Male) |
| 20:12 | Create | Villager (Male) |
| 20:15 | Create | Villager (Male) |
| 20:25 | Build | Lumber Camp |
| 20:27 | Create | Villager (Male) |
| 20:28 | Create | Villager (Male) |
| 20:36 | Create | Knight |
| 20:36 | Create | Knight |
| 20:36 | Create | Knight |
| 20:48 | Build | House |
| 20:53 | Create | Villager (Male) |
| 20:54 | Create | Knight |
| 20:54 | Create | Knight |
| 21:04 | Create | Villager (Male) |
| 21:05 | Create | Villager (Male) |
| 21:13 | Create | Villager (Male) |
| 21:27 | Create | Villager (Male) |
| 21:33 | Create | Knight |
| 21:34 | Create | Knight |
| 21:41 | Create | Villager (Male) |
| 22:00 | Build | Farm |
| 22:04 | Create | Villager (Male) |
| 22:04 | Create | Villager (Male) |
| 22:11 | Build | Farm |
| 22:16 | Create | Villager (Male) |
| 22:16 | Create | Villager (Male) |
| 22:29 | Create | Villager (Male) |
| 22:29 | Create | Villager (Male) |
| 22:32 | Build | Farm |
| 22:38 | Build | Farm |
| 22:39 | Create | Villager (Male) |
| 23:01 | Build | Farm |
| 23:11 | Create | Villager (Male) |
Match timeline
| 7:16 | nice001 · first_building Barracks |
| 8:26 | nice001 · wall_segment Palisade Wall x1 |
| 8:37 | red-light district · first_building Barracks |
| 8:47 | ZeroEndDark · first_building Barracks |
| 8:52 | nice001 · age_up feudal |
| 8:57 | nice001 · first_building Stable |
| 9:19 | nice001 · wall_segment Palisade Wall x1 |
| 9:23 | ZeroEndDark · age_up feudal |
| 9:38 | red-light district · age_up feudal |
| 9:44 | red-light district · first_building Stable |
| 10:16 | ZeroEndDark · first_building Archery Range |
| 10:24 | nice001 · wall_segment Palisade Wall x10 |
| 11:08 | nice001 · wall_segment Palisade Wall x8 |
| 11:39 | ZeroEndDark · wall_segment Palisade Wall x2 |
| 12:20 | JohnWick · age_up feudal |
| 13:15 | JohnWick · first_building Barracks |
| 18:27 | JohnWick · first_market_sell 100 food |
| 19:40 | nice001 · age_up castle |
| 20:17 | red-light district · first_building Archery Range |
| 21:15 | JohnWick · age_up castle |
| 21:48 | red-light district · age_up castle |
| 23:27 | JohnWick · first_building Castle |
| 24:50 | ZeroEndDark · age_up castle |
| 25:15 | red-light district · first_building Castle |
| 28:28 | JohnWick · first_building Siege Workshop |
| 29:43 | red-light district · first_building Siege Workshop |
| 29:53 | ZeroEndDark · first_building Stable |
| 30:56 | nice001 · first_building Monastery |
| 31:01 | nice001 · first_building Siege Workshop |
| 31:45 | JohnWick · age_up imperial |
| 34:16 | nice001 · age_up imperial |
| 36:11 | nice001 · first_building Castle |
| 36:25 | ZeroEndDark · first_market_sell 100 wood |
| 37:09 | ZeroEndDark · first_market_buy 100 stone |
| 39:00 | ZeroEndDark · first_building Siege Workshop |
| 39:15 | red-light district · age_up imperial |
| 46:34 | JohnWick · resign |
[ AI ANALYSIS · 1 CREDIT ]
What really happened in this match?
Wolo.gg analyzes every decision: build order, eco, micro, common mistakes by bracket. Personalized analysis on WhatsApp or Discord in 30 seconds.
Civ guide
Franks
Map guide
MegaRandom
Perfil
Jugador #60155